 Dungeon Crawl Stone Soup version 0.27.1-33-g824d729ab1 (webtiles) character file.

Game seed: 1667239299288972802

847 pkoi the Ruffian (level 7, -8/53 (55) HPs)
             Began as a Pale Draconian Warper on Dec 13, 2021.
             Was an Initiate of Ru.
             Mangled by Crazy Yiuf (11 damage)
             ... on level 4 of the Dungeon.
             The game lasted 00:07:20 (5766 turns).

pkoi the Ruffian (Pale Draconian Warper)            Turns: 5766, Time: 00:07:21

HP:   -8/53 (55)    AC:  7    Str: 19    XL:     7   Next: 68%
MP:   19/19         EV: 12    Int: 15    God:    Ru [......]
Gold: 206           SH:  0    Dex: 11    Spells: 5/10 levels left

rFire    . . .     SeeInvis .     - Unarmed
rCold    . . .     Faith    .   (no shield)
rNeg     . . .     Spirit   .   (armour unavailable)
rPois    .         Reflect  .   (helmet restricted)
rElec    .         Harm     .   m - +0 cloak
rCorr    .         Rampage  .   (no gloves)
Will     .....                  (no boots)
Stlth    +.........             (no amulet)
HPRegen  0.17/turn              i - ring of magical power
MPRegen  0.16/turn              g - +6 ring of strength

@: short of breath, lightly drained
A: breathe steam, AC +6, unfitting armour, cold-blooded, steam resistance
a: Breathe Steam, Renounce Religion


You were on level 4 of the Dungeon.
You worshipped Ru.
Ru was noncommittal.
You visited 1 branch of the dungeon, and saw 4 of its levels.

You collected 206 gold pieces.

Inventory:

Hand Weapons
 e - a +0 spear
 k - a +2 long sword of protection
Missiles
 b - 5 boomerangs of dispersal (quivered)
 l - 8 poisoned darts
Armour
 m - a +0 cloak (worn)
Jewellery
 f - a ring of magical power
 g - a +6 ring of strength (right hand)
 i - a ring of magical power (left hand)
Wands
 o - a wand of iceblast (5)
Scrolls
 a - 2 scrolls of blinking
 c - a scroll of teleportation
 d - 9 scrolls of identify
 h - a scroll of magic mapping
 j - a scroll of enchant armour
 n - 2 scrolls of fog


   Skills:
 - Level 2.1 Fighting
 - Level 0.8 Throwing
 - Level 2.1 Dodging
 + Level 6.9 Unarmed Combat
 - Level 2.0 Spellcasting
 + Level 6.3 Translocations


You had 5 spell levels left.
You knew the following spells:

 Your Spells              Type           Power      Damage    Failure   Level
a - Blink                 Tloc           N/A        N/A       2%          2
b - Gell's Gravitas       Tloc           10%        N/A       4%          3

Your spell library contained the following spells:

 Spells                   Type           Power      Damage    Failure   Level
 Lesser Beckoning         Tloc           10%        N/A       4%          3
 Teleport Other           Tloc           20%        N/A       4%          3
 Manifold Assault         Tloc           20%        N/A       41%         5
 Summon Guardian Golem    Hex/Summ       1%         N/A       54%         3
 Orb of Destruction       Conj           0%         N/A       100%        7
 Spellforged Servitor     Conj/Summ      0%         N/A       100%        7


Dungeon Overview and Level Annotations

Branches:
Dungeon (4/15)
 Temple: D:4-7

Altars:
Kikubaaqudgha
Ru
Uskayaw

Annotations:
D:4 Crazy Yiuf


Innate Abilities, Weirdness & Mutations

You can breathe blasts of scalding, opaque steam.
Your pale cyan-grey scales are hard. (AC +6)
You cannot fit into any form of body armour.
You are cold-blooded and may be slowed by cold attacks.
You are immune to the effects of steam.


Message History

You see here a +0 club.
There is a stone staircase leading down here.
Found a scroll of enchant armour.
Found 16 gold pieces.
j - a scroll of enchant armour You now have 206 gold pieces (gained 16).
Found a mace.
Found a runed translucent door.
Crazy Yiuf shouts!
Crazy Yiuf yells, "Snoogle!
Cod tortoise tortoise."
Crazy Yiuf cries, "Mountain!
Mugger down poople."
There is a stone staircase leading down here.
You see here a +0 club.
You see here a +0 club.
There is a stone staircase leading down here.
Key pressed, stopping explore.
Could not explore, unopened runed door.
You open the door. You hit Crazy Yiuf but do no damage.
Crazy Yiuf says, "Ghoul verde poople!"
Crazy Yiuf hits you with a +2 quarterstaff of chaos!
Crazy Yiuf burns you.
You barely miss Crazy Yiuf.
You tail-slap Crazy Yiuf, but do no damage.
Crazy Yiuf hits you with a +2 quarterstaff of chaos.
You feel drained.
You closely miss Crazy Yiuf.
Crazy Yiuf hits you with a +2 quarterstaff of chaos.
Crazy Yiuf burns you.
You completely miss Crazy Yiuf.
Crazy Yiuf hits you with a +2 quarterstaff of chaos.
* * * LOW HITPOINT WARNING * * *
Space warps horribly around you!!
* * * LOW HITPOINT WARNING * * *
Press: ? - help, Shift-Dir - straight line, f - Crazy Yiuf
Aim: Crazy Yiuf, wielding a +2 quarterstaff of chaos and wearing a +1 cloak of stealth You exhale a blast of scalding steam.
The ball of steam hits Crazy Yiuf!
Crazy Yiuf is heavily wounded.
Crazy Yiuf is engulfed in a cloud of scalding steam.
Crazy Yiuf hits you with a +2 quarterstaff of chaos!
You die...

.# ##.....# .##
#.###### ..# ###.#
#.# ###...# #####
#.####...### #..)#
#.##...##..# #...#
..##......## .§.
.....###### #g#
.....####### ♣♣@♣
###........# ♣.♣♣ #
#.######.# ♣♣.♣ #
#..## ### ♣.♣♣
####..###### ♣♣.♣♣
......#....# ♣...♣♣
#######....# ♣....♣
#######....# #+..+#
#...>......###....#


You could see Crazy Yiuf.

Vanquished Creatures
  Pikel (D:3)
  A necrophage (D:3)
  An ogre (D:4)
  A lemure (D:3)
  A hound (D:3)
  2 iguanas
  Ijyb (D:3)
  2 adders
  An adder skeleton (D:4)
  4 worms
  2 dart slugs
  An orc (D:3)
  12 endoplasms
  8 giant cockroaches
  4 goblins
  8 hobgoblins
  3 jackals (D:3)
  6 quokkas
  10 ball pythons
  4 bats
  4 frilled lizards
  6 kobolds
  6 rats
89 creatures vanquished.

Vanquished Creatures (others)
  5 plants (D:2)
5 creatures vanquished.

Grand Total: 94 creatures vanquished

Notes
Turn   | Place    | Note
-------+----------+-------------------------------------------
     0 | D:1      | pkoi the Draconian Warper began the quest for the Orb.
     0 | D:1      | Reached XP level 1. HP: 17/17 MP: 3/3
   307 | D:1      | Found a faded altar of an unknown god.
   318 | D:1      | Reached XP level 2. HP: 15/24 MP: 5/5
   432 | D:1      | Learned a level 2 spell: Blink
   950 | D:1      | Reached XP level 3. HP: 29/29 MP: 6/6
   954 | D:1      | Learned a level 3 spell: Gell's Gravitas
  2794 | D:3      | Found a sacrificial altar of Ru.
  2840 | D:3      | Became a worshipper of Ru the Awakened
  2850 | D:3      | Reached XP level 4. HP: 28/36 MP: 7/7
  3204 | D:3      | Found an ancient bone altar of Kikubaaqudgha.
  3301 | D:3      | Found a hide-covered altar of Uskayaw.
  4132 | D:4      | Noticed a lemure
  4132 | D:4      | Noticed a necrophage
  4134 | D:4      | Noticed a lemure
  4135 | D:4      | Noticed a lemure
  4152 | D:3      | Reached XP level 5. HP: 28/41 MP: 8/8
  4352 | D:4      | Noticed an ogre
  4472 | D:3      | Killed a necrophage
  4473 | D:3      | Reached skill level 5 in Unarmed Combat
  4649 | D:4      | Reached XP level 6. HP: 28/48 MP: 9/9
  4880 | D:4      | Noticed Ijyb
  4919 | D:3      | Killed Ijyb
  5142 | D:4      | Noticed Pikel
  5178 | D:3      | Killed Pikel
  5179 | D:3      | Your scales start taking on a pale cyan-grey colour.
  5179 | D:3      | Reached XP level 7. HP: 14/55 MP: 10/10
  5179 | D:3      | Gained mutation: You are immune to the effects of steam.
                  | [Pale Draconian growth]
  5667 | D:4      | Found a runed translucent door.
  5668 | D:4      | Noticed Crazy Yiuf
  5765 | D:4      | HP: 2/53 [Crazy Yiuf (19)]
  5766 | D:4      | Mangled by Crazy Yiuf

Illustrated notes

Levels and vault maps discovered:
D:1:      dpeg_arrival_yet_another_circle, layout_basic, basic_ecumenical_altar,
          minmay_tetromino_t4
D:2:      layout_rooms, serial_forest, infiniplex_forest_end_2,
          infiniplex_forest_clump_tiny, infiniplex_forest_clump_long,
          infiniplex_forest_lined_room_2, infiniplex_forest_straight_2,
          infiniplex_forest_lined_room_3, infiniplex_forest_lined_4_way
D:3:      layout_basic, mainiacjoe_overflow_alcove_2, nicolae_ru_path_of_blood,
          nicolae_uskayaw_suspiria
D:4:      layout_rooms, uniq_crazy_yiuf_cottage, uniq_pikel, uniq_ijyb

Skill      XL: |  1  2  3  4  5  6 |
---------------+-------------------+-----
Unarmed Combat | 3 4 5 6 |  6.9
Translocations | 4 6 |  6.3
Fighting       | |  2.1
Throwing       | |  0.8
Dodging        | |  2.1
Spellcasting   | |  2.0

Action                   |  1- 3 |  4- 6 |  7- 9 || total
-------------------------+-------+-------+-------++-------
Melee: Unarmed           |   101 |    73 |     9 ||   183
       Tailslap          |    15 |    21 |     3 ||    39
       Spear             |   108 |       |       ||   108
       Punch             |     3 |     4 |       ||     7
       Long sword        |       |    83 |       ||    83
 Abil: Breathe Steam     |       |       |     1 ||     1
  Use: Scroll            |     5 |     2 |       ||     7
       Potion            |       |     5 |     1 ||     6
 Stab: Sleeping          |     4 |     3 |       ||     7
       Invisible         |       |     1 |       ||     1
Armor: Skin              |    56 |    55 |       ||   111
Dodge: Dodged            |   124 |    92 |     2 ||   218
       Rpst.: Long sword |       |    21 |       ||    21
